 Dungeon Crawl Stone Soup version 0.30-a0-939-gc8157cb160 (webtiles) character file.

Game seed: 8692499606521052245

49 cheesebisquit the Grave Robber (level 3, 0/28 HPs)
             Began as a Ghoul Necromancer on Mar 25, 2023.
             Slain by a worm (6 damage)
             ... on level 2 of the Dungeon.
             The game lasted 00:06:10 (1617 turns).

cheesebisquit the Grave Robber (Ghoul Necromancer)  Turns: 1617, Time: 00:06:11

Health: 0/28       AC:  5    Str: 11    XL:     3   Next: 75%
Magic:  1/5        EV: 12    Int: 12    God:
Gold:   5          SH:  0    Dex:  9    Spells: 5/6 levels left

rFire   . . .      SeeInvis .    (no weapon)
rCold   + . .      Faith    .    (no shield)
rNeg    + + +      Spirit   .    a - +0 robe
rPois   ∞          Reflect  .    b - +0 helmet
rElec   .          Rampage  .    g - +0 cloak
rCorr   .                        (no gloves)
Will    .....                    n - +0 pair of boots
Stlth   ++                       (no amulet)
HPRegen 0.00/turn                (no ring)
MPRegen 0.09/turn                (no ring)

@: inhibited regen
A: claws 1, cold resistance 1, negative energy resistance 3, inhibited
regeneration, torment resistance 2, devour on kill
a: no special abilities


You were on level 2 of the Dungeon.
You visited 1 branch of the dungeon, and saw 2 of its levels.

You collected 68 gold pieces.
You spent 63 gold pieces at shops.

Inventory:

Missiles
 k - 6 poisoned darts
Armour
 a - a +0 robe (worn)
 b - a +0 helmet (worn)
 g - a +0 cloak (worn)
 n - a +0 pair of boots (worn)
Magical Staves
 f - a staff of cold
 j - a staff of poison
Scrolls
 c - 2 scrolls of identify {unknown}
 d - a scroll of blinking {unknown}
 h - a scroll of fear {unknown}
 i - 3 scrolls of vulnerability {unknown}
 l - a scroll of immolation {unknown}
 m - a scroll of teleportation {unknown}
Potions
 e - a potion of attraction {unknown}
 o - a potion of haste {unknown}


   Skills:
 + Level 1.5 Fighting
 - Level 1.7 Dodging
 - Level 2.1 Stealth
 + Level 2.2 Spellcasting
 * Level 4.7 Necromancy


You had 5 spell levels left.
You knew the following spells:

 Your Spells              Type           Power      Damage    Failure   Level
a - Necrotise             Necr           48%        1d6       3%          1

Your spell library contained the following spells:

 Spells                   Type           Power      Damage    Failure   Level
 Vampiric Draining        Necr           12%        2d6       12%         3
 Animate Dead             Necr           12%        N/A       36%         4
 Agony                    Necr           12%        N/A       71%         5


Dungeon Overview and Level Annotations

Branches:
Dungeon (2/15)

Altars:

Shops:
D:2 [


Innate Abilities, Weirdness & Mutations

You are immune to poison.
You have sharp fingernails.
Your flesh is cold resistant. (rC+)
You are immune to negative energy. (rN+++)
You do not regenerate when monsters are visible.
You are immune to unholy pain and torment.
You thrive by killing the living.


Message History

Your kobold skeleton hits the hobgoblin.
The hobgoblin hits your kobold skeleton.
Your kobold skeleton is destroyed!
You scratch the hobgoblin but do no damage.
The hobgoblin is moderately wounded.
The hobgoblin hits you.
You scratch the hobgoblin.
You kill the hobgoblin!
The worm struggles to resist.
You scratch the worm.
The worm is moderately wounded.
You barely miss the worm.
The worm is moderately wounded.
The worm bites you.
You scratch the worm.
The worm is moderately wounded.
You barely miss the worm.
The worm is moderately wounded.
The worm bites you!
You scratch the worm.
The worm is moderately wounded.
The worm bites you.
You scratch the worm.
The worm is heavily wounded.
You barely miss the worm.
The worm is heavily wounded.
The worm bites you!
* * * LOW HITPOINT WARNING * * *
Okay, then.
You are too injured to fight recklessly!
You are too injured to fight recklessly!
You scratch the worm.
The worm is severely wounded.
You barely miss the worm. You claw the worm.
The worm is severely wounded.
The worm closely misses you.
You scratch the worm.
The worm is almost dead.
The worm bites you.
You die...

#. #. .# #.## . .#
..# .. .. #.# ... #.
##.## #... #.##
###...# #...#..#
......## . #.)w.#
###.#..# ...####@#
#...##.# #......###
#.####.#######.....#
#............#####.#
##..###..###.......#
...........#.#######
.#.#####.#.#.# .#.(.
....#.# .#####
##.##.#


You could see a worm.

Vanquished Creatures
  A worm (D:2)
  4 endoplasms
  4 giant cockroaches
  A goblin (D:1)
  3 hobgoblins
  7 jackals
  2 ball pythons
  4 bats (D:1)
  2 frilled lizards
  6 kobolds
  4 rats
38 creatures vanquished.

Vanquished Creatures (collateral kills)
  A hobgoblin (D:1)
  2 frilled lizards (D:1)
3 creatures vanquished.

Grand Total: 41 creatures vanquished

Notes
Turn   | Place    | Note
-------+----------+-------------------------------------------
     0 | D:1      | cheesebisquit the Ghoul Necromancer began the quest for the
                  | Orb.
     0 | D:1      | Reached XP level 1. HP: 14/14 MP: 2/2
   252 | D:1      | Reached XP level 2. HP: 22/22 MP: 0/3
   417 | D:1      | Reached skill level 1 in Fighting
   727 | D:1      | Reached XP level 3. HP: 28/28 MP: 0/5
  1228 | D:2      | Found Ceyph's Armour Boutique.
  1235 | D:2      | Bought a +0 pair of boots for 63 gold pieces
  1617 | D:2      | Slain by a worm

Illustrated notes

Levels and vault maps discovered:
D:1:      mrwooster_arrival_statue_3, layout_basic, st_stairs_8
D:2:      minmay_evil_eye, layout_basic, serial_shops,
          nicolae_shop_hallway_stairs, hangedman_glass_teeth, minivault_24

Skill      XL: |  1  2 |
---------------+-------+-----
Spellcasting   | 2 |  2.2
Fighting       | 1 |  1.5
Dodging        | |  1.7
Stealth        | |  2.1
Necromancy     | |  4.7

Action                     || total
---------------------------++-------
  Melee: Unarmed           ||    44
         Punch             ||     1
   Cast: Necrotise         ||    67
    Use: Potion            ||     1
   Stab: Sleeping          ||     1
 Armour: Robe              ||    19
  Dodge: Dodged            ||    47

Table legend: (Time is in decaauts)
 A = Elapsed time spent in this place.
 B = Non-inter-level travel time spent in this place.
 C = Inter-level travel time spent in this place.
 D = Time resting spent in this place.
 E = Time spent auto-exploring this place.
 F = Levels seen in this place.
 G = Mean time per level.
                   A        B        C        D        E       F      G
               +--------+--------+--------+--------+--------+-----+--------+
         Total |   1617 |   1516 |    101 |      0 |   1249 |   2 |  808.5 |
       Dungeon |   1617 |   1516 |    101 |      0 |   1249 |   2 |  808.5 |
               +--------+--------+--------+--------+--------+-----+--------+

Top non-repeatable levels by time:
     D:1: 1299 daAuts
     D:2: 318 daAuts
